 Dungeon Crawl Stone Soup version 0.30-a0-4-ga7cffc901d (webtiles) character file.

Game seed: 4452609349089756560

266 Setbun the Slicer (level 6, 0/35 HPs)
             Began as a Kobold Brigand on Aug 21, 2022.
             Slain by an iguana (10 damage)
             ... on level 4 of the Dungeon.
             The game lasted 00:02:30 (3123 turns).

Setbun the Slicer (Kobold Brigand)                  Turns: 3123, Time: 00:02:31

Health: 0/35       AC:  4    Str:  7 (8)  XL:     6   Next: 44%
Magic:  6/6        EV: 14    Int: 16      God:
Gold:   179        SH:  4    Dex: 18 (19) Spells: 5/5 levels left

rFire   . . .      SeeInvis .    a - +2 dagger
rCold   . . .      Faith    .    (no shield)
rNeg    . . .      Spirit   .    b - +0 robe
rPois   .          Reflect  .    m - +1 hat
rElec   .          Harm     .    c - +0 cloak
rCorr   .          Rampage  .    (no gloves)
Will    .....                    (no boots)
Stlth   +++++.....               (no amulet)
HPRegen 0.11/turn                (no ring)
MPRegen 0.10/turn                (no ring)

@: no status effects
A: small, no large weapons, nightstalker 3, large bone plates 1, thin skeletal
structure 1, clever 1
a: no special abilities


You were on level 4 of the Dungeon.
You visited 1 branch of the dungeon, and saw 4 of its levels.

You collected 179 gold pieces.

Inventory:

Hand Weapons
 a - a +2 dagger (weapon)
Missiles
 d - 9 poisoned darts (quivered)
 e - 3 curare-tipped darts
Armour
 b - a +0 robe (worn)
 c - a +0 cloak (worn)
 m - a +1 hat (worn)
Jewellery
 j - a +4 ring of evasion
Wands
 l - a wand of paralysis (4)
Scrolls
 f - a scroll of enchant weapon {unknown}
 g - 6 scrolls of identify {unknown}
 h - a scroll of fear {unknown}
 k - 3 scrolls of teleportation {unknown}
 o - 2 scrolls of vulnerability {unknown}
 s - a scroll of butterflies {unknown}
Potions
 i - 2 potions of might {unknown}
 r - a potion of attraction {unknown}


   Skills:
 - Level 2.1 Fighting
 * Level 8.4 Short Blades
 - Level 2.1 Throwing
 - Level 1.2 Dodging
 - Level 5.3 Stealth


You had 5 spell levels left.
You didn't know any spells.
Your spell library contained the following spells:

 Spells                   Type           Power      Damage    Failure   Level
 Apportation              Tloc           0%         N/A       26%         1
 Necrotise                Necr           0%         1d4       26%         1
 Sting                    Tmut/Pois      0%         1d3       26%         1
 Summon Small Mammal      Summ           0%         N/A       26%         1
 Poisonous Vapours        Pois/Air       0%         N/A       36%         2
 Olgreb's Toxic Radiance  Pois           0%         N/A       94%         4


Dungeon Overview and Level Annotations

Branches:
Dungeon (4/15)
 Temple: D:4-7

Altars:


Innate Abilities, Weirdness & Mutations

You are small and have problems with some larger weapons.
You are completely attuned to the shadows.
You are partially covered in large bone plates. (SH +4)
You have a somewhat thin skeletal structure. (Dex +2, Stealth+)
Your mind is acute. (Int +4, Str/Dex -1)


Message History

An orc comes into view. It is wielding a +0 dagger.
The orc closely misses you.
Things that are here:
a jackal corpse; a jackal corpse The orc shouts!
You hit the orc. Your punch misses the orc.
The orc is moderately wounded.
The orc barely misses you.
You closely miss the orc.
The orc is moderately wounded.
You hit the orc but do no damage.
The orc is moderately wounded.
An orc comes into view. It is wielding a +0 club.
The orc hits you with a +0 hand axe!
You barely miss the orc.
The orc is moderately wounded.
The orc barely misses you.
You barely miss the orc.
The orc is moderately wounded.
You hit the orc.
You kill the orc!
You barely miss the iguana. You hit the iguana.
The iguana is lightly wounded.
The iguana barely misses you.
You hit the iguana.
The iguana is moderately wounded.
The iguana bites you but does no damage.
You hit the iguana.
The iguana is severely wounded.
You barely miss the iguana.
The iguana is severely wounded.
The iguana bites you!
* * * LOW HITPOINT WARNING * * *
You closely miss the iguana.
The iguana is severely wounded.
You hit the iguana but do no damage.
The iguana is severely wounded.
The iguana bites you!
You die...

#. ...
##.#.#...
###........
....o#.hh. #
#.....#
#.#####..###
#.†.@lhho#
#######o.#
.....
##.####...#
#........#
#.#### #.#####
#.# #......
#.# #.#####
#.######.###
#..........###


You could see an iguana, 2 orcs and 2 jackals.

Vanquished Creatures
  A scorpion (D:4)
  An orc priest (D:3)
  An orc wizard (D:3)
  A gnoll (D:3)
  6 adders
  A worm (D:3)
  5 dart slugs
  3 orcs
  4 ball pythons
  5 bats
  4 endoplasms
  A giant cockroach (D:3)
  5 goblins
  6 hobgoblins
  7 jackals
  3 kobolds
  7 quokkas
  4 frilled lizards
  8 rats
73 creatures vanquished.

Vanquished Creatures (others)
  A plant (D:1)
1 creature vanquished.

Grand Total: 74 creatures vanquished

Notes
Turn   | Place    | Note
-------+----------+-------------------------------------------
     0 | D:1      | Setbun the Kobold Brigand began the quest for the Orb.
     0 | D:1      | Reached XP level 1. HP: 12/12 MP: 1/1
    32 | D:1      | Reached skill level 3 in Short Blades
    84 | D:1      | Reached XP level 2. HP: 6/17 MP: 2/2
   453 | D:1      | Reached skill level 4 in Short Blades
   699 | D:1      | Reached XP level 3. HP: 21/21 MP: 3/3
  1053 | D:2      | Found a faded altar of an unknown god.
  1208 | D:2      | Reached skill level 5 in Short Blades
  1426 | D:2      | Reached XP level 4. HP: 26/26 MP: 4/4
  1940 | D:3      | Reached skill level 6 in Short Blades
  2233 | D:3      | Reached XP level 5. HP: 30/30 MP: 5/5
  2354 | D:3      | Gained mutation: You are partially covered in large bone
                  | plates. (SH +4) [potion of mutation]
  2354 | D:3      | Gained mutation: You have a somewhat thin skeletal
                  | structure. (Dex +2, Stealth+) [potion of mutation]
  2354 | D:3      | Gained mutation: Your mind is acute. (Int +4, Str/Dex -1)
                  | [potion of mutation]
  2363 | D:3      | Reached skill level 7 in Short Blades
  2916 | D:4      | Reached XP level 6. HP: 35/35 MP: 6/6
  3103 | D:4      | Reached skill level 8 in Short Blades
  3123 | D:4      | Slain by an iguana

Illustrated notes

Levels and vault maps discovered:
D:1:      dpeg_arrival_rooms_a, layout_basic, serial_bayou, serial_bayou_lake_a,
          serial_bayou_lagoon_b, serial_bayou_pond_c, serial_bayou_crossing,
          ebering_dispersal_statue_hall, amcnicky_mini_corridor_feature
D:2:      layout_rooms, nicolae_ecumenical_pavilion, serial_bayou,
          serial_bayou_pond_d, serial_bayou_pond_c, serial_bayou_pond_c,
          serial_bayou_lagoon_a
D:3:      minmay_bubble_buster, layout_basic, hex_intersection
D:4:      kennysheep_big_flooded_room, layout_loops_ring,
          minmay_temple_entry_arrows

Skill      XL: |  1  2  3  4  5  6 |
---------------+-------------------+-----
Short Blades   | 3 4 5 6 7 8 |  8.4
Fighting       | |  2.1
Throwing       | |  2.1
Dodging        | |  1.2
Stealth        | |  5.3

Action                   |  1- 3 |  4- 6 || total
-------------------------+-------+-------++-------
Melee: Dagger            |    61 |   155 ||   216
       Punch             |       |     1 ||     1
  Use: Potion            |       |     6 ||     6
 Stab: Sleeping          |    19 |    13 ||    32
Armor: Robe              |     8 |    28 ||    36
Dodge: Dodged            |    22 |   117 ||   139
Block: Other             |       |     4 ||     4

Table legend: (Time is in decaauts)
 A = Elapsed time spent in this place.
 B = Non-inter-level travel time spent in this place.
 C = Inter-level travel time spent in this place.
 D = Time resting spent in this place.
 E = Time spent auto-exploring this place.
 F = Levels seen in this place.
 G = Mean time per level.
                   A        B        C        D        E       F      G
               +--------+--------+--------+--------+--------+-----+--------+
         Total |   3169 |   3127 |     42 |    657 |   2055 |   4 |  792.2 |
       Dungeon |   3169 |   3127 |     42 |    657 |   2055 |   4 |  792.2 |
               +--------+--------+--------+--------+--------+-----+--------+

Top non-repeatable levels by time:
     D:1: 1129 daAuts
     D:3: 1113 daAuts
     D:2: 738 daAuts
     D:4: 187 daAuts
